 Dungeon Crawl Stone Soup version 0.28.0-53-g5a82cb258f (webtiles) character file.

Game seed: 9047733872853163837

210 mcbry74 the Ruffian (level 5, -10/50 HPs)
             Began as a Troll Fighter on July 1, 2022.
             Mangled by an orc warrior
             ... wielding a +0 halberd
              (21 damage)
             ... on level 4 of the Dungeon.
             The game lasted 00:09:33 (3021 turns).

mcbry74 the Ruffian (Troll Fighter)                 Turns: 3021, Time: 00:09:33

Health: -10/50     AC:  4    Str: 24    XL:     5   Next: 56%
Magic:  4/4        EV:  8    Int:  6    God:
Gold:   184        SH:  7    Dex:  9    Spells: 3/4 levels left

rFire   . . .      SeeInvis .     - Unarmed
rCold   . . .      Faith    .   b - +0 kite shield
rNeg    . . .      Spirit   .   a - +0 robe
rPois   .          Reflect  .   (helmet restricted)
rElec   .          Harm     .   (no cloak)
rCorr   .          Rampage  .   (gloves unavailable)
Will    .....                   (boots unavailable)
Stlth   +.........              (no amulet)
HPRegen 0.96/turn               (no ring)
MPRegen 0.09/turn               (no ring)

@: no status effects
A: large, unfitting armour, claws 3, regeneration 1, shaggy fur 1, tough skin 1
a: no special abilities


You were on level 4 of the Dungeon.
You visited 1 branch of the dungeon, and saw 4 of its levels.

You collected 184 gold pieces.

Inventory:

Hand Weapons
 m - a +0 mace of protection
Missiles
 i - 27 stones (quivered)
 p - a boomerang of dispersal
Armour
 a - a +0 robe (worn)
 b - a +0 kite shield (worn)
Scrolls
 f - 3 scrolls of teleportation {unknown}
 g - a scroll of blinking {unknown}
 h - 5 scrolls of identify {unknown}
 k - 2 scrolls of magic mapping {unknown}
 o - a scroll of amnesia {unknown}
Potions
 c - a potion of might
 d - 2 potions of magic {unknown}
 e - a potion of cancellation {unknown}
 j - a potion of resistance {unknown}
 l - a potion of haste {unknown}
 n - a potion of attraction {unknown}


   Skills:
 - Level 2.4 Fighting
 - Level 2.4 Dodging
 - Level 2.4 Shields
 * Level 5.6 Unarmed Combat
 + Level 1.0 Transmutations


You had 3 spell levels left.
You knew the following spells:

 Your Spells              Type           Power      Damage    Failure   Level
a - Beastly Appendage     Tmut           2%         N/A       63%         1

Your spell library contained the following spells:

 Spells                   Type           Power      Damage    Failure   Level
 Wereblood                Tmut           1%         N/A       77%         2
 Spider Form              Tmut/Pois      0%         N/A       96%         3
 Frozen Ramparts          Ice            0%         1d2       98%         3
 Ozocubu's Armour         Ice            0%         N/A       98%         3
 Ice Form                 Ice/Tmut       0%         N/A       100%        4
 Summon Ice Beast         Ice/Summ       0%         N/A       100%        4
 Metabolic Englaciation   Hex/Ice        0%         N/A       100%        5
 Simulacrum               Ice/Necr       0%         N/A       100%        6


Dungeon Overview and Level Annotations

Branches:
Dungeon (4/15)
 Temple: D:4-7

Altars:
Fedhas
Nemelex Xobeh

Shops:
D:4 :


Innate Abilities, Weirdness & Mutations

You are too large for most types of armour.
You have claws for hands.
Your natural rate of healing is unusually fast.
You are covered in fur. (AC +1)
You have tough skin. (AC +1)


Message History

Things that are here:
a +0 whip; an orc corpse You claw the orc warrior!
The orc warrior is moderately wounded.
The orc warrior barely misses you.
You claw the orc warrior!
The orc warrior is heavily wounded.
The orc warrior hits you with a +0 halberd!!
You scratch the orc warrior.
The orc warrior is heavily wounded.
The orc warrior closely misses you.
You claw the orc warrior!
The orc warrior is almost dead.
The orc warrior misses you.
You closely miss the orc warrior.
The orc warrior is almost dead.
The orc warrior hits you with a +0 halberd.
You scratch the orc warrior but do no damage.
The orc warrior is almost dead.
You scratch the orc warrior but do no damage.
The orc warrior is almost dead.
The orc warrior hits you with a +0 halberd!
The orc hits you with a +0 whip.
* * * LOW HITPOINT WARNING * * *
The orc warrior closely misses you.
You barely miss the orc warrior.
The orc warrior is almost dead.
The orc hits you with a +0 whip.
* * * LOW HITPOINT WARNING * * *
You block the orc warrior's attack.
You scratch the orc warrior.
The orc warrior is almost dead.
The orc hits you with a +0 whip.
* * * LOW HITPOINT WARNING * * *
The orc warrior closely misses you.
You scratch the orc warrior but do no damage.
The orc warrior is almost dead.
You block the orc's attack.
The orc warrior hits you with a +0 halberd!!
You die...

#...................#
#..................#
#...................
#..................
#..................
#................# .
##................# ..
#######oo...............#
#..###......#@<..............#
.........#####..............##
.........## ##........PP...#
..........# ##.....PP.PP..#
..........## ##....PP_PP.##
...........## ###..PPP.P.#
............# ##...PP..#
...........o# ##..#####
.............# #..#


You could see an orc warrior and an orc.

Vanquished Creatures
  A hound (D:4)
  A jelly (D:2)
  Terence (D:3)
  A hound skeleton (D:3)
  Robin (D:2)
  3 adders
  A worm (D:3)
  2 dart slugs (D:2)
  2 orcs
  4 ball pythons
  4 endoplasms
  A giant cockroach (D:1)
  7 hobgoblins
  2 jackals (D:2)
  6 kobolds
  A quokka (D:3)
  6 bats
  5 frilled lizards
  11 goblins
  5 rats
65 creatures vanquished.

Notes
Turn   | Place    | Note
-------+----------+-------------------------------------------
     0 | D:1      | mcbry74 the Troll Fighter began the quest for the Orb.
     0 | D:1      | Reached XP level 1. HP: 22/22 MP: 0/0
   257 | D:1      | Reached XP level 2. HP: 29/29 MP: 1/1
   494 | D:1      | Reached skill level 3 in Unarmed Combat
  1031 | D:2      | Reached XP level 3. HP: 36/36 MP: 2/2
  1368 | D:2      | Found a faded altar of an unknown god.
  1446 | D:2      | Reached skill level 4 in Unarmed Combat
  1446 | D:2      | Reached XP level 4. HP: 44/44 MP: 3/3
  1763 | D:2      | Noticed Robin
  1797 | D:2      | Killed Robin
  1961 | D:2      | Found a sparkling altar of Nemelex Xobeh.
  2207 | D:3      | Reached skill level 5 in Unarmed Combat
  2373 | D:3      | Learned a level 1 spell: Beastly Appendage
  2409 | D:3      | Reached XP level 5. HP: 50/50 MP: 4/4
  2567 | D:3      | Noticed Terence
  2573 | D:3      | Killed Terence
  2775 | D:4      | Found Ralizam's Book Shop.
  2790 | D:4      | Found a blossoming altar of Fedhas.
  2806 | D:4      | Reached skill level 1 in Transmutations
  2995 | D:4      | Noticed an orc warrior
  3021 | D:4      | Mangled by an orc warrior

Illustrated notes

Levels and vault maps discovered:
D:1:      lightli_arrival_maybe_door_vault, layout_loops_ring, st_stairs_5
D:2:      layout_basic, basic_altar, basic_ecumenical_altar,
          minmay_misc_feat_enclosed, uniq_robin
D:3:      layout_loops_ring, uniq_terence
D:4:      layout_cave_pods, mainiacjoe_overflow_catch_the_wave, fedhas_altar_3,
          serial_shops, shop

Skill      XL: |  1  2  3  4  5 |
---------------+----------------+-----
Unarmed Combat | 3 4 5 |  5.6
Transmutations | 1 |  1.0
Fighting       | |  2.4
Dodging        | |  2.4
Shields        | |  2.4

Action                   |  1- 3 |  4- 6 || total
-------------------------+-------+-------++-------
Melee: Unarmed           |    85 |   119 ||   204
Throw: Stone             |       |     7 ||     7
Armor: Robe              |    23 |    29 ||    52
Dodge: Dodged            |    25 |    32 ||    57
Block: Kite shield       |    19 |    35 ||    54
